 Dungeon Crawl Stone Soup version 0.31-a0-846-gb3bcc0d938 (webtiles) character file.

Game seed: 2580965284270077428

267257 Getoffmy the Devastator (level 20, -36/134 (137) HPs)
             Began as a Gargoyle Earth Elementalist on Oct 1, 2023.
             Was the Champion of Vehumet.
             Killed by a reflected crystal spear
             ... reflected by a tengu reaver
             ... on level 1 of the Vaults on Oct 4, 2023.
             The game lasted 03:08:32 (52862 turns).

Getoffmy the Devastator (GrEE)                     Turns: 52862, Time: 03:08:32

HP:   -36/134 (137) AC: 29    Str: 16    XL:     20   Next: 12%
MP:   12/58         EV: 11    Int: 34    God:    Vehumet [******]
Gold: 2601          SH:  0    Dex: 10    Spells: 5/49 levels left

rFire   + . .        s - staff of conjuration
rCold   + . .        (no shield)
rNeg    + . .        G - +2 robe {rC+ rF+}
rPois   ∞            a - +3 hat of Pondering {ponderous, Will+ MP+10 Int+5}
rElec   +            u - +2 cloak "Qobotseiqa" {Str+2}
rCorr   .            O - +1 pair of gloves
SInv    .            P - +1 pair of boots
Will    ++...        f - amulet of the acrobat
Stlth   ++           U - ring of magical power
HPRegen 0.42/turn    y - +6 ring of intelligence
MPRegen 0.36/turn

%: acrobat
@: flying, lightly drained, slow
A: sickness immunity, AC +15, big wings, negative energy resistance 1,
electricity resistance, torment resistance 1, petrification resistance
}: 2/15 runes: decaying, serpentine
a: Renounce Religion


You were on level 1 of the Vaults.
You worshipped Vehumet.
Vehumet was exalted by your worship.
You visited 8 branches of the dungeon, and saw 34 of its levels.
You visited the Abyss 1 time.
You visited 1 bazaar.
You also visited: Ossuary.

You collected 3442 gold pieces.
You spent 841 gold pieces at shops.

Inventory:

Hand Weapons
 x - a +5 sacred scourge of holy wrath
 z - a +2 short sword of holy wrath
 Y - a +2 long sword of holy wrath
Missiles
 c - 305 stones
Armour
 a - the +3 hat of Pondering (worn) {ponderous, Will+ MP+10 Int+5}
   (You took it off Gastronok on level 3 of the Lair of Beasts)

   Int+5:     It affects your intelligence (+5).
   Will+:     It increases your willpower.
   MP+10:     It affects your magic capacity (+10).
 u - the +2 cloak "Qobotseiqa" (worn) {Str+2}
   (You found it on level 4 of the Snake Pit)

   Str+2:     It affects your strength (+2).
 G - a +2 robe of resistance (worn)
 O - a +1 pair of gloves (worn)
 P - a +1 pair of boots (worn)
Magical Staves
 s - a staff of conjuration (weapon)
 F - a staff of fire
 I - a staff of earth
Jewellery
 f - an amulet of the acrobat (around neck)
 o - a ring of protection from fire
 t - a +4 ring of protection
 y - a +6 ring of intelligence (right hand)
 U - a ring of magical power (left hand)
 W - the ring of the Conjuring Fool {rC++ Str+6}
   (You found it on level 4 of the Lair of Beasts)

   [ring of strength]

   Str+6:     It affects your strength (+6).
   rC++:      It greatly protects you from cold.
 Z - a ring of resist corrosion
Wands
 v - a wand of iceblast (26)
 w - a wand of paralysis (49)
 A - a wand of digging (14)
 D - a wand of mindburst (35)
 H - a wand of flame (55)
 S - a wand of polymorph (15)
 V - a wand of quicksilver (32)
Scrolls
 b - a scroll of butterflies
 h - 2 scrolls of revelation
 k - 2 scrolls of blinking
 m - 6 scrolls of amnesia
 n - 3 scrolls of immolation
 r - 5 scrolls of teleportation
 B - 2 scrolls of torment
 C - 5 scrolls of enchant armour
 E - 4 scrolls of fear
 K - 2 scrolls of fog
 L - 11 scrolls of identify
 R - a scroll of brand weapon
 T - a scroll of vulnerability
 X - 2 scrolls of enchant weapon
Potions
 d - 16 potions of curing
 e - a potion of heal wounds
 g - 5 potions of lignification
 i - 6 potions of enlightenment
 j - 2 potions of invisibility
 l - 8 potions of mutation
 p - 4 potions of attraction
 q - 3 potions of berserk rage
 J - 8 potions of haste
 M - 3 potions of might
 N - 2 potions of resistance
 Q - 5 potions of brilliance


   Skills:
 - Level 18.5 Fighting
 - Level 1.5 Dodging
 - Level 2.1 Stealth
 + Level 15.1 Spellcasting
 * Level 19.8 Conjurations
 - Level 2.5 Transmutations
 - Level 14.0 Fire Magic
 + Level 1.4 Air Magic
 - Level 18.3 Earth Magic


You had 5 spell levels left.
You knew the following spells:

 Your Spells              Type           Power      Damage    Failure   Level
b - Stone Arrow           Conj/Erth      100%       3d13      0%          3
c - Passwall              Tmut/Erth      64%        N/A       1%          2
d - Brom's Barrelling Bo  Conj/Erth      100%       2d11      0%          4
e - Volatile Blastmotes   Fire/Tloc      100%       2d18      1%          3
f - Iskenderun's Mystic   Conj/Tloc      96%        2d19      1%          4
g - Mephitic Cloud        Conj/Pois/Air  84%        N/A       1%          3
h - Fireball              Conj/Fire      59%        3d23      1%          5
i - Plasma Beam           Fire/Air       33%        2x1d46    2%          6
j - Lehudib's Crystal Sp  Conj/Erth      62%        10d14     1%          8
k - Starburst             Conj/Fire      59%        6d16      1%          6

Your spell library contained the following spells:

 Spells                   Type           Power      Damage    Failure   Level
 Magic Dart               Conj           100%       1d8       0%          1
 Sandblast                Erth           100%       2d20      0%          1
 Searing Ray              Conj           100%       2d8       0%          2
 Lee's Rapid Deconstruct  Erth           50%        3d24*     0%          5
 Necrotise                Necr           100%       1d9       1%          1
 Slow                     Hex            100%       N/A       1%          1
 Sting                    Tmut/Pois      100%       1d8       1%          1
 Summon Small Mammal      Summ           100%       N/A       1%          1
 Poisonous Vapours        Pois/Air       60%        N/A       1%          2
 Static Discharge         Conj/Air       100%       2-7/arc   1%          2
 Wereblood                Tmut           42%        N/A       1%          2
 Dazzling Flash           Conj/Hex       100%       N/A       1%          3
 Hailstorm                Conj/Ice       96%        3d19      1%          3
 Animate Armour           Summ/Erth      100%       N/A       1%          4
 Fulminant Prism          Conj/Hex       48%        3d21      1%          4
 Petrify                  Tmut/Erth      77%        N/A       1%          4
 Borgnjor's Vile Clutch   Necr/Erth      36%        N/A       1%          5
 Freezing Cloud           Conj/Ice/Air   42%        6-21      1%          5
 Irradiate                Conj/Tmut      50%        3d28      1%          5
 Blink                    Tloc           50%        N/A       2%          2
 Call Imp                 Summ           50%        N/A       2%          2
 Ensorcelled Hibernation  Hex/Ice        50%        N/A       2%          2
 Jinxbite                 Hex            50%        N/A       2%          2
 Lesser Beckoning         Tloc           50%        N/A       2%          2
 Airstrike                Air            17%        2d(3-19)  2%          4
 Call Canine Familiar     Summ           25%        N/A       4%          3
 Confusing Touch          Hex            25%        N/A       4%          3
 Gell's Gravitas          Tloc           25%        N/A       4%          3
 Sigil of Binding         Hex            25%        N/A       4%          3
 Summon Guardian Golem    Hex/Summ       25%        N/A       4%          3
 Teleport Other           Tloc           25%        N/A       4%          3
 Vampiric Draining        Necr           25%        2d7       4%          3
 Olgreb's Toxic Radiance  Pois           25%        N/A       4%          4
 Summon Lightning Spire   Summ/Air       30%        N/A       12%         4
 Anguish                  Hex/Necr       12%        N/A       16%         4
 Cause Fear               Hex            12%        N/A       16%         4
 Dispel Undead            Necr           25%        3d12      16%         4
 Manifold Assault         Tloc           25%        N/A       16%         4
 Summon Ice Beast         Ice/Summ       25%        N/A       16%         4
 Alistair's Intoxication  Tmut/Pois      22%        N/A       26%         5
 Agony                    Necr           25%        N/A       41%         5
 Eringya's Noxious Bog    Tmut/Pois      17%        4d6       34%         6
 Death Channel            Necr           12%        N/A       94%         6
 Simulacrum               Ice/Necr       12%        N/A       94%         6
 Enfeeble                 Hex            12%        N/A       100%        7
 Borgnjor's Revivificati  Necr           12%        N/A       100%        8
 Maxwell's Capacitive Co  Air            17%        ∞         100%        8
 Cigotuvi's Dreadful Rot  Necr/Pois/Air  Unusable   N/A       N/A         2
 Sublimation of Blood     Necr           Unusable   N/A       N/A         2

Dungeon Overview and Level Annotations

Branches:
Dungeon (15/15)            Temple (1/1) D:4            Lair (5/5) D:9
  Swamp (4/4) Lair:2        Snake (4/4) Lair:3        Slime (0/5) Lair:5
    Orc (2/2) D:10            Elf (1/3) Orc:2        Vaults (2/5) D:14
 Depths (0/4) D:15        Ossuary (visited)
  Crypt: Vaults:2-3

Altars:
Ashenzari
Cheibriados
Dithmenos
Elyvilon
Fedhas
Gozag
Hepliaklqana
Kikubaaqudgha
Makhleb
Nemelex Xobeh
Okawaru
Qazlal
Ru
Sif Muna
Trog
Uskayaw
Vehumet
Wu Jian
Xom
Yredelemnul
Zin
The Shining One
Jiyva

Shops:
D:2 (   D:4 *[*[   D:7 *   Orc:2 *[!=

Portals:
Abyss: Lair:3
Pandemonium: Orc:2
Trove: D:15 (give +8 demon trident)

Annotations:
D:7 exclusion: wyvern


Innate Abilities, Weirdness & Mutations

You are immune to sickness and miasma.
Your stone body is resilient. (AC +15)
You are immune to poison.
Your large and strong wings let you fly.
You resist negative energy. (rN+)
You are resistant to electric shocks. (rElec)
You are resistant to unholy torment.
You are immune to petrification.


Message History

A hell knight comes into view. It is wielding a +5 demon blade.
The tengu reaver casts a spell at you. The bolt of negative energy hits you!
You partially resist.
You feel drained.
Casting: Stone Arrow (safe; 0% risk of failure)
Confirm with . or Enter, or press ? or * to list all spells.
Aiming: Lehudib's Crystal Spear (dangerous; 1% risk of failure)
Press: ? - help, Shift-Dir - straight line, f - tengu reaver
Aim: a tengu reaver, wielding a +3 long sword of electrocution, wearing a +2 ring mail of fire resistance and wearing a +2 buckler of reflection (reflecting blocked projectiles, 71% to hit)
You feel a surge of power!
The tengu reaver blocks the crystal spear with its +2 buckler of reflection... and reflects it back!
The crystal spear hits you!!!
You hear a shout!
Casting: Lehudib's Crystal Spear (dangerous; 1% risk of failure)
Confirm with . or Enter, or press ? or * to list all spells.
Aiming: Lehudib's Crystal Spear (dangerous; 1% risk of failure)
Press: ? - help, Shift-Dir - straight line, f/p - tengu reaver
Aim: a tengu reaver, wielding a +3 long sword of electrocution, wearing a +2 ring mail of fire resistance and wearing a +2 buckler of reflection (reflecting blocked projectiles, 71% to hit)
You feel a surge of power!
The crystal spear hits the tengu reaver!!!
The tengu reaver is almost dead.
The tengu reaver casts a spell at you. The bolt of cold misses you.
Casting: Lehudib's Crystal Spear (dangerous; 1% risk of failure)
Confirm with . or Enter, or press ? or * to list all spells.
Aiming: Lehudib's Crystal Spear (dangerous; 1% risk of failure)
Press: ? - help, Shift-Dir - straight line, f/p - tengu reaver
Aim: a tengu reaver, wielding a +3 long sword of electrocution, wearing a +2 ring mail of fire resistance and wearing a +2 buckler of reflection (almost dead, reflecting blocked projectiles, 71% to hit)
You feel a surge of power!
The tengu reaver blocks the crystal spear with its +2 buckler of reflection... and reflects it back!
The crystal spear hits you!!!
* * * LOW HITPOINT WARNING * * *
Casting: Lehudib's Crystal Spear (dangerous; 1% risk of failure)
Confirm with . or Enter, or press ? or * to list all spells.
Aiming: Lehudib's Crystal Spear (dangerous; 1% risk of failure)
Press: ? - help, Shift-Dir - straight line, f/p - tengu reaver
Aim: a tengu reaver, wielding a +3 long sword of electrocution, wearing a +2 ring mail of fire resistance and wearing a +2 buckler of reflection (almost dead, reflecting blocked projectiles, 71% to hit)
You feel a surge of power!
The tengu reaver blocks the crystal spear with its +2 buckler of reflection... and reflects it back!
The crystal spear hits you!!!
You die...

#### ... ..# ##### ..# .... #####
..# ... #.... ..# #.# #.... ..#
#############)###########.... ..#
#............p..........+....
#'###...........Q...........#....
....#......#####@##.........+....
....'......#......#.........#..>.
....#......#......#...).....'....
#...#......#......#.........#....
##..#......#......#.........#....
##.#......#......#.........#####
###....[.#......#.).......#
#......########.).......#
#.............).........#


You could see a tengu reaver (reflecting) and a hell knight.

Vanquished Creatures
  Mennas (Vaults:2)
  Mara (Swamp:4)
  Vashnia (Snake:2)
  Saint Roka (Snake:4)
  Jorgrun (Swamp:1)
  Mlioglotl (Swamp:4)
  The ghost of Axiustri the Archmage, an adept DESu of Gozag (Snake:3)
  A sphinx (Vaults:2)
  Frances (Snake:1)
  A tentacled starspawn (Abyss:3)
  Gastronok (Lair:3)
  A tengu reaver (Vaults:2)
  Kirke (Lair:3)
  The ghost of Veti the Fighter, a journeyman AtRe of Gozag (Snake:3)
  Aizul (Lair:3)
  A fenstrider witch (Swamp:2)
  6 nagarajas (Snake:4)
  A deep elf sorcerer (Elf:1)
  3 vault wardens
  A frost giant (D:15)
  An orc warlord (Vaults:1)
  3 ironbound preservers
  6 eleionomae
  2 vampire knights (Swamp:4)
  4 dire elephants
  The ghost of Kurtz the Severer, a journeyman OpFi of Okawaru (Lair:3)
  A bunyip (Swamp:2)
  3 shambling mangroves (Swamp:4)
  A crystal guardian (Vaults:2)
  4 great orbs of eyes
  A deep elf high priest (Vaults:2)
  3 yaktaur captains
  2 vault guards
  A rakshasa (D:15)
  6 hydras
  2 peacekeepers
  12 alligators
  An ogre mage (D:15)
  4 salamander tyrants (Snake:4)
  7 anacondas
  4 ghost crabs
  2 demonspawn (Orc:2)
  4 centaur warriors
  6 dancing weapons (Elf:1)
  14 two-headed ogres
  5 boulder beetles
  2 tengu warriors (D:15)
  15 naga warriors
  7 death yaks
  11 naga sharpshooters
  Nergalle (Lair:3)
  9 orc high priests (Orc:2)
  7 shock serpents
  A thrashing horror (Lair:3)
  3 deep elf knights (Elf:1)
  A wretched star (Lair:3)
  A skyshark (Lair:5)
  A spectral death yak (Lair:5)
  4 salamander mystics
  5 skeletal warriors (D:13)
  A spectral anaconda (Lair:5)
  2 flayed ghosts
  5 goliath frogs
  9 swamp dragons
  5 bog bodies
  3 spriggan druids
  6 naga ritualists
  5 deep trolls (Vaults:2)
  An obsidian statue (Lair:5)
  3 spectral hydras (Swamp:4)
  A deep elf archer (Elf:1)
  5 ironbound convokers
  2 phantasmal warriors
  3 wizards
  11 deep elf zephyrmancers (Elf:1)
  5 orc knights
  4 necromancers
  A wolf spider (shapeshifter) (Vaults:1)
  6 mana vipers
  9 deep elf pyromancers
  18 ugly things
  14 salamanders
  A salamander (shapeshifter) (Abyss:3)
  3 oklob plants (Swamp:4)
  3 orc sorcerers (Orc:2)
  A will-o-the-wisp (Swamp:4)
  2 manticores
  2 rust devils
  4 cyclopes
  A large abomination (Abyss:2)
  A worldbinder (Lair:3)
  40 black mambas
  2 gargoyles
  6 guardian serpents
  6 vault sentinels
  16 naga magi
  15 elephants
  A smoke demon (D:12)
  An unseen horror (shapeshifter) (Elf:1)
  14 cane toads
  A dire elephant skeleton (Lair:5)
  A komodo dragon (shapeshifter) (D:13)
  A kobold demonologist (D:11)
  13 yaktaurs
  5 rime drakes
  An ice devil (Orc:2)
  12 komodo dragons
  An efreet (D:15)
  A freezing wraith (D:14)
  Psyche (D:10)
  13 trolls
  A death drake zombie (Swamp:4)
  3 polar bears
  An ancient zyme (Abyss:2)
  2 hellwings (D:12)
  10 tyrant leeches
  3 hydra zombies (Swamp:4)
  2 red devils
  18 hornets
  13 blink frogs
  2 death drake skeletons (Swamp:4)
  A blink frog (shapeshifter) (D:12)
  Grinder (D:3)
  A raiju (Abyss:2)
  3 spectral elephants (Lair:5)
  5 dream sheep (Lair:4)
  2 flying skulls (Abyss:3)
  16 slime creatures
  A ynoxinul (Abyss:2)
  2 wraiths
  12 spriggans
  A dire elephant simulacrum (Lair:5)
  An air elemental (Elf:1)
  3 vampires
  2 wyverns
  3 hogs (Lair:3)
  3 shadows
  57 yaks
  A fire elemental (Elf:1)
  7 vampire mosquitoes
  4 basilisks
  3 steam dragons
  17 swamp worms
  A warg (Orc:2)
  44 nagas
  A spectral cane toad (Lair:5)
  A two-headed ogre zombie (D:10)
  3 hydra simulacra (Swamp:4)
  12 water moccasins
  4 swamp drakes (Swamp:4)
  An ice beast (D:6)
  A sky beast (D:8)
  34 orc warriors
  A black bear (D:9)
  3 swamp dragon zombies (Swamp:4)
  An elephant zombie (Lair:5)
  4 boggarts
  3 ogres
  5 centaurs
  2 swamp dragon skeletons (Swamp:4)
  3 phantoms (D:10)
  A kobold brigand (D:7)
  8 bullfrogs
  3 earth elementals (Elf:1)
  3 elf zombies (Ossuary)
  A gnoll sergeant (D:8)
  A cane toad simulacrum (Lair:5)
  3 scorpions
  9 wights
  4 jellies
  A troll zombie (D:10)
  An elephant simulacrum (Lair:5)
  14 killer bees
  5 electric eels
  6 centaur zombies (Ossuary)
  3 human zombies (Ossuary)
  An iron imp (Abyss:2)
  21 orc priests
  A hound (D:4)
  A sleepcap (D:7)
  7 orc wizards
  3 iguanas
  6 ogre zombies (D:10)
  4 mummies
  7 gnolls
  8 adders
  2 white imps
  2 ufetubi (D:5)
  3 dart slugs
  57 orcs
  8 ball pythons
  9 bats
  7 endoplasms
  7 giant cockroaches
  4 goblins
  4 hobgoblins
  7 jackals
  6 quokkas
  A frilled lizard (D:1)
  5 goblin zombies (D:10)
  2 hobgoblin skeletons (D:10)
  2 hobgoblin zombies (D:10)
  13 kobolds
  2 orc skeletons (D:10)
  14 orc zombies (D:10)
  4 rats
  A starspawn tentacle (Abyss:3)
1090 creatures vanquished.

Vanquished Creatures (collateral kills)
  An ugly thing (D:15)
  31 boulders
32 creatures vanquished.

Vanquished Creatures (others)
  Nikola (Snake:3)
  A bloated husk (Swamp:3)
  A tyrant leech (Swamp:4)
  27 boulders
  6 foxfires (Swamp:4)
  A starspawn tentacle (Abyss:3)
37 creatures vanquished.

Grand Total: 1159 creatures vanquished

Notes
Turn   | Place    | Note
-------+----------+-------------------------------------------
     0 | D:1      | Getoffmy the Gargoyle Earth Elementalist began the quest
                  | for the Orb.
     0 | D:1      | Reached XP level 1. HP: 10/10 MP: 3/3
   197 | D:1      | Reached skill level 1 in Transmutations
   245 | D:1      | Reached XP level 2. HP: 15/15 MP: 1/5
   566 | D:1      | Reached XP level 3. HP: 19/19 MP: 0/6
  1311 | D:2      | Reached XP level 4. HP: 24/24 MP: 4/7
  1449 | D:2      | Reached skill level 5 in Earth Magic
  1567 | D:2      | Found Nigg's Weapon Boutique.
  1981 | D:3      | Found a faded altar of an unknown god.
  2324 | D:3      | Found a burning altar of Makhleb.
  2404 | D:3      | Noticed Grinder
  2412 | D:3      | Paralysed by Grinder for 4 turns
  2428 | D:3      | Killed Grinder
  2429 | D:3      | Reached XP level 5. HP: 28/28 MP: 2/10
  2429 | D:3      | Reached XP level 6. HP: 32/32 MP: 2/11
  2819 | D:4      | Learned a level 3 spell: Stone Arrow
  2844 | D:4      | Reached skill level 1 in Conjurations
  3293 | D:4      | Found a hazy altar of Hepliaklqana.
  3305 | D:4      | Reached skill level 2 in Conjurations
  3305 | D:4      | Reached XP level 7. HP: 36/36 MP: 9/12
  3379 | D:4      | Found Vyzienem's Assorted Antiques.
  3387 | D:4      | Bought a twisted zirconium amulet for 115 gold pieces
  3440 | D:4      | Found Vackoigh's Antique Armour Emporium.
  3562 | D:4      | Found a staircase to the Ecumenical Temple.
  3582 | Temple   | Entered the Ecumenical Temple
  3823 | D:4      | Found Apnas's Antique Armour Boutique.
  3949 | D:4      | Found Oxattera's Assorted Antiques.
  4040 | D:5      | Entered Level 5 of the Dungeon
  4311 | D:5      | Reached skill level 3 in Conjurations
  4399 | D:5      | Learned a level 2 spell: Passwall
  4404 | D:5      | Learned a level 4 spell: Brom's Barrelling Boulder
  5081 | D:6      | Noticed a steam dragon
  5091 | D:6      | Killed a steam dragon
  5092 | D:6      | Reached skill level 4 in Conjurations
  5092 | D:6      | Reached XP level 8. HP: 26/41 MP: 1/14
  5395 | D:6      | Found a sacrificial altar of Ru.
  5513 | D:6      | Reached skill level 5 in Conjurations
  5897 | D:6      | Reached skill level 5 in Spellcasting
  5897 | D:6      | Reached skill level 6 in Conjurations
  6154 | D:7      | Found a radiant altar of Vehumet.
  6187 | D:7      | Became a worshipper of Vehumet
  6272 | D:7      | Found Caja's Overcharged Wands.
  6694 | D:7      | Noticed a wyvern
  7028 | D:8      | Reached XP level 9. HP: 33/45 MP: 6/17
  7030 | D:8      | Reached skill level 7 in Conjurations
  7203 | D:8      | Reached * piety under Vehumet
  7203 | D:8      | Offered knowledge of Shock by Vehumet.
  7267 | D:8      | Found a sand-covered staircase.
  7274 | Ossuary  | Entered an ossuary
  7299 | Ossuary  | Reached skill level 8 in Conjurations
  7663 | D:8      | Noticed a hornet
  7701 | D:8      | Learned a level 3 spell: Volatile Blastmotes
  7705 | D:8      | Killed a hornet
  7798 | D:8      | Reached skill level 1 in Fire Magic
  7895 | D:8      | Reached skill level 9 in Conjurations
  8087 | D:9      | Found a staircase to the Lair.
  8241 | D:9      | Reached ** piety under Vehumet
  8248 | D:9      | Offered knowledge of Kiss of Death by Vehumet.
  8367 | D:9      | Reached XP level 10. HP: 38/50 MP: 4/20
  8612 | D:9      | Reached skill level 1 in Fighting
  8614 | D:9      | Noticed a two-headed ogre
  8645 | D:10     | Entered Level 10 of the Dungeon
  8766 | D:10     | Found a stormy altar of Qazlal.
  8867 | D:10     | Found a blossoming altar of Fedhas.
  9033 | D:10     | Reached skill level 5 in Fire Magic
  9418 | D:9      | Killed a two-headed ogre
  9557 | D:9      | Found a white marble altar of Elyvilon.
  9731 | D:9      | Reached XP level 11. HP: 62/62 MP: 19/22
  9823 | D:9      | Learned a level 4 spell: Iskenderun's Mystic Blast
  9939 | D:9      | Found a broken altar of Ashenzari.
 10169 | D:9      | Found a snail-covered altar of Cheibriados.
 10171 | D:9      | Found an ancient bone altar of Kikubaaqudgha.
 10173 | D:9      | Found a shadowy altar of Dithmenos.
 10261 | D:9      | Reached skill level 5 in Fighting
 10523 | Lair:1   | Entered Level 1 of the Lair of Beasts
 10563 | Lair:1   | Offered knowledge of Mephitic Cloud by Vehumet.
 10574 | Lair:1   | Learned a level 3 spell: Mephitic Cloud
 10791 | Lair:1   | Reached *** piety under Vehumet
 10880 | Lair:2   | Noticed a bog body
 10881 | Lair:2   | Found a staircase to the Swamp.
 10890 | Lair:2   | Noticed a bog body
 10895 | Lair:2   | Killed a bog body
 11519 | Lair:1   | HP: 2/69 [yak (8)]
 11520 | Lair:1   | Reached skill level 10 in Spellcasting
 12413 | Lair:2   | Killed a bog body
 12414 | Lair:2   | Reached XP level 12. HP: 41/76 MP: 18/26
 12863 | Lair:2   | Identified the +1 robe of Restlessness {Str+3}
 12912 | Lair:2   | Offered knowledge of Inner Flame by Vehumet.
 13636 | Lair:3   | Reached skill level 10 in Fighting
 13997 | Lair:3   | Noticed Gastronok
 14399 | Lair:3   | Found a staircase to the Snake Pit.
 14462 | Lair:3   | Reached **** piety under Vehumet
 14462 | Lair:3   | Noticed Nergalle
 14698 | Lair:3   | Killed Nergalle
 14887 | Lair:3   | Killed Gastronok
 15077 | Lair:3   | Offered knowledge of Fireball by Vehumet.
 15318 | Lair:3   | Learned a level 5 spell: Fireball
 15354 | Lair:3   | Reached XP level 13. HP: 85/85 MP: 26/29
 15447 | Lair:3   | Noticed Kirke
 15466 | Lair:3   | Killed Kirke
 15467 | Lair:3   | Reached skill level 10 in Earth Magic
 15653 | Lair:3   | Found a transporter.
 15668 | Lair:3   | Found a one-way gate to the infinite horrors of the Abyss.
 15668 | Lair:3   | Noticed Kurtz's ghost (journeyman OpFi)
 16145 | Lair:4   | Identified the +6 great sword of Ethereal Conscience
                  | {spect, Fragile rPois Int-5 Stlth+}
 16179 | Lair:4   | Reached skill level 10 in Conjurations
 16359 | Lair:4   | Identified the ring of the Conjuring Fool {rC++ Str+6}
 16698 | Lair:4   | Found an ornate altar of the Wu Jian Council.
 16698 | Lair:4   | Found a hide-covered altar of Uskayaw.
 16714 | Lair:4   | Reached skill level 11 in Conjurations
 17249 | Lair:5   | Entered Level 5 of the Lair of Beasts
 17711 | Lair:5   | HP: 4/89 [cloud of flame (14)]
 18017 | Lair:5   | Gained mutation: Your large and strong wings let you fly.
                  | [Gargoyle growth]
 18017 | Lair:5   | Reached XP level 14. HP: 95/95 MP: 30/30
 18034 | Lair:5   | Reached ***** piety under Vehumet
 18197 | Lair:5   | Found a viscous altar of Jiyva.
 18197 | Lair:5   | Found a staircase to the Slime Pits.
 18340 | Lair:5   | Identified a scroll of acquirement
 18350 | Lair:5   | Noticed a dire elephant
 18350 | Lair:5   | Noticed a dire elephant
 18351 | Lair:5   | Noticed a dire elephant
 18440 | Lair:5   | Offered knowledge of Yara's Violent Unravelling by Vehumet.
 18445 | Lair:5   | Reached skill level 12 in Conjurations
 18901 | Lair:5   | Killed a dire elephant
 18903 | Lair:5   | Killed a dire elephant
 18907 | Lair:5   | Killed a dire elephant
 19404 | Lair:5   | Got a conspicuous book
 19875 | Lair:5   | Found a staircase to the Slime Pits.
 19881 | Lair:5   | Found a viscous altar of Jiyva.
 21044 | D:10     | Found a staircase to the Orcish Mines.
 21179 | D:10     | Noticed Psyche
 21181 | D:10     | Killed Psyche
 21490 | Orc:1    | Entered Level 1 of the Orcish Mines
 21624 | Orc:1    | Acquired 740 gold pieces
 21629 | Orc:2    | Entered Level 2 of the Orcish Mines
 21875 | Orc:2    | Found a flickering gateway to a bazaar.
 21959 | Bazaar   | Entered a bazaar
 21964 | Bazaar   | Found Zuhiwk's Armour Emporium.
 21975 | Bazaar   | Found Rytodan's Armour Emporium.
 21979 | Bazaar   | Found Ebuuwer's Weapon Boutique.
 21996 | Bazaar   | Found Gelutoar's Weapon Boutique.
 22436 | Orc:2    | Reached skill level 13 in Conjurations
 22436 | Orc:2    | Reached skill level 10 in Fire Magic
 22438 | Orc:2    | Reached skill level 15 in Fighting
 22532 | Orc:2    | Found a staircase to the Elven Halls.
 22611 | Orc:2    | Found Mull's Distillery.
 22614 | Orc:2    | Found Roog's General Store.
 22648 | Orc:2    | Bought a potion of resistance for 130 gold pieces
 22648 | Orc:2    | Bought a potion of haste for 130 gold pieces
 22648 | Orc:2    | Bought 2 potions of might for 104 gold pieces
 22648 | Orc:2    | Bought a potion of heal wounds for 65 gold pieces
 22648 | Orc:2    | Bought a potion of heal wounds for 65 gold pieces
 22650 | Orc:2    | Bought a potion of brilliance for 60 gold pieces
 22650 | Orc:2    | Bought a scroll of blinking for 112 gold pieces
 22650 | Orc:2    | Bought 2 scrolls of identify for 60 gold pieces
 23126 | Orc:2    | Reached XP level 15. HP: 103/103 MP: 31/31
 23298 | Orc:2    | Found Tocoafips's Antique Armour Shoppe.
 23298 | Orc:2    | Found Puanop's Jewellery Emporium.
 23299 | Orc:2    | Found a one-way gate leading to the halls of Pandemonium.
 23317 | Orc:2    | Offered knowledge of Conjure Ball Lightning by Vehumet.
 23318 | Orc:2    | Reached skill level 14 in Conjurations
 25066 | D:12     | Identified the +8 hand axe of the Sheltering King {speed,
                  | rPois Str+4 Int+5}
 26649 | D:13     | Got an ancient book
 27770 | D:14     | Found a gate to the Vaults.
 27792 | D:14     | Found a radiant altar of Vehumet.
 28401 | D:14     | Offered knowledge of Plasma Beam by Vehumet.
 28670 | D:15     | Entered Level 15 of the Dungeon
 29176 | D:15     | Reached XP level 16. HP: 93/111 MP: 15/32
 29511 | D:15     | Found a hide-covered altar of Uskayaw.
 30213 | D:15     | Found a portal to a secret trove of treasure.
 30574 | D:15     | Found a staircase to the Depths.
 31226 | Swamp:1  | Entered Level 1 of the Swamp
 31878 | Swamp:1  | Noticed Jorgrun
 31886 | Swamp:1  | Killed Jorgrun
 32071 | Swamp:1  | Learned a level 6 spell: Plasma Beam
 32462 | Swamp:2  | Offered knowledge of Lee's Rapid Deconstruction by Vehumet.
 32723 | Swamp:2  | Noticed a fenstrider witch
 32725 | Swamp:2  | Paralysed by a fenstrider witch for 3 turns
 32729 | Swamp:2  | Killed a fenstrider witch
 32808 | Swamp:2  | Learned a level 8 spell: Lehudib's Crystal Spear
 34616 | Swamp:4  | Entered Level 4 of the Swamp
 34616 | Swamp:4  | Noticed Mlioglotl
 34767 | Swamp:4  | Reached XP level 17. HP: 119/119 MP: 34/34
 35582 | Swamp:4  | Noticed Mara
 35684 | Swamp:4  | Killed Mara
 36058 | Swamp:4  | Killed Mlioglotl
 36380 | Swamp:4  | Offered knowledge of Bombard by Vehumet.
 37447 | Swamp:4  | Reached skill level 15 in Conjurations
 37742 | Swamp:4  | Identified the +1 ring mail of Unreason {Str+3}
 38078 | Swamp:4  | Found a basalt altar of Yredelemnul.
 38121 | Swamp:4  | Found a blossoming altar of Fedhas.
 38312 | Swamp:4  | Got a decaying rune of Zot
 38925 | Snake:1  | Entered Level 1 of the Snake Pit
 38934 | Snake:1  | Identified the +2 quarterstaff of the Screaming Shrike
                  | {venom, +Blink Int+2}
 39181 | Snake:1  | Noticed Aizul
 39214 | Lair:3   | Killed Aizul
 39541 | Snake:1  | Noticed Frances
 39547 | Snake:1  | Killed Frances
 39598 | Snake:1  | Offered knowledge of Iskenderun's Battlesphere by Vehumet.
 40229 | Snake:2  | Reached skill level 15 in Spellcasting
 40360 | Snake:2  | You are sucked into a shaft and drop 1 floor!
 40494 | Snake:3  | Found a runed translucent gate.
 40494 | Snake:3  | Found a runed translucent gate.
 40494 | Snake:3  | Found a runed translucent gate.
 40495 | Snake:3  | Noticed Veti's ghost (journeyman AtRe)
 40497 | Snake:3  | Noticed Axiustri's ghost (adept DESu)
 40558 | Snake:3  | Reached XP level 18. HP: 126/126 MP: 36/37
 41321 | Snake:3  | Noticed Nikola
 41324 | Snake:3  | Killed Nikola
 41523 | Snake:3  | Reached skill level 16 in Conjurations
 41738 | Snake:3  | Identified the +1 ring mail of Poamacon {Will+ Regen+
                  | Dex-4}
 42502 | Snake:3  | Killed Axiustri's ghost
 42510 | Snake:3  | Killed Veti's ghost
 42710 | Snake:4  | Entered Level 4 of the Snake Pit
 43524 | Snake:4  | Noticed Saint Roka
 43530 | Snake:4  | Killed Saint Roka
 44452 | Snake:4  | Reached skill level 17 in Conjurations
 45050 | Snake:4  | Upgraded the game from 0.31-a0-845-g9abc20d24f to
                  | 0.31-a0-846-gb3bcc0d938
 45285 | Snake:4  | Identified the +2 cloak "Qobotseiqa" {Str+2}
 45507 | Snake:4  | Reached skill level 15 in Earth Magic
 46517 | Snake:4  | Got a serpentine rune of Zot
 46963 | Snake:4  | Reached XP level 19. HP: 131/131 MP: 38/38
 47055 | Snake:2  | Offered knowledge of Maxwell's Capacitive Coupling by
                  | Vehumet.
 47262 | Snake:2  | Noticed Vashnia
 47268 | Snake:2  | Killed Vashnia
 47444 | Snake:2  | Reached skill level 18 in Conjurations
 48391 | Lair:3   | Found a transporter.
 48468 | Lair:3   | Killed Kurtz's ghost
 48793 | Elf:1    | Entered Level 1 of the Elven Halls
 48893 | Abyss:2  | Cast into level 2 of the Abyss (+0 scimitar of distortion)
 49193 | Elf:1    | Escaped the Abyss
 50748 | Vaults:1 | Entered Level 1 of the Vaults
 50802 | D:14     | Reached skill level 19 in Conjurations
 51042 | Vaults:1 | Paralysed by a great orb of eyes for 5 turns
 51154 | Vaults:1 | Reached ****** piety under Vehumet
 51317 | Vaults:1 | You are sucked into a shaft and drop 1 floor!
 51542 | Vaults:2 | Noticed Mennas
 51547 | Vaults:2 | Killed Mennas
 52316 | Vaults:2 | Reached XP level 20. HP: 137/137 MP: 39/39
 52588 | Vaults:2 | Paralysed by a sphinx for 2 turns
 52691 | Vaults:1 | Learned a level 6 spell: Starburst
 52707 | Vaults:1 | Reached skill level 1 in Air Magic
 52862 | Vaults:1 | Killed by a reflected crystal spear
                  | ... reflected by a tengu reaver

Illustrated notes

Levels and vault maps discovered:
D:1:      minmay_arrival_split_and_join, layout_basic
D:2:      layout_basic, serial_shops, nicolae_shop_bloodbath_and_beyond,
          minmay_pentomino_u2
D:3:      layout_basic, lightli_temple_of_fire, basic_ecumenical_altar,
          kennysheep_generic_room_16, uniq_grinder
D:4:      layout_loops_corners, nicolae_hepliaklqana_hazy_memory,
          minmay_temple_entry_enclosed_plants, serial_shops, shop, shop,
          nicolae_diamond_shop, nicolae_shop_stone
D:5:      layout_gridville
D:6:      layout_loops_ring, kennysheep_mini, hangedman_decor_lopped
D:7:      layout_basic, mainiacjoe_overflow_24_doors,
          nicolae_shop_overcharged_wands
D:8:      layout_basic, gup_ossuary_entry_pyramid
D:9:      layout_loops_cross, nicolae_ashenzari_panopticon,
          gammafunk_temple_overflow_forgotten, nicolae_elyvilon_temple_path,
          david_lair_generic
D:10:     layout_loops_cross, grunt_temple_overflow_forces_of_nature,
          zombieorc2_lemuel, nicolae_phantomly_mirrored, uniq_psyche
D:11:     layout_irregular_city, grunt_ministairs_5
D:12:     layout_layer_cave, nicolae_where_there's_smoke
D:13:     layout_irregular_city, minivault_25_ag, minmay_misc_feat_cross,
          nicolae_wwwww
D:14:     layout_roguey, david_vaults_1, serial_park_avenue1,
          nicolae_vehumet_radiance
D:15:     grunt_enter_depths_snipers, layout_basic, nicolae_uskayaw_dance_hall,
          nicolae_trove_entry_crystal
Temple:   nicolae_temple_bog_church
Lair:1:   layout_long_grid, serial_bayou, serial_bayou_lagoon_b,
          serial_bayou_lagoon_a, serial_bayou_pond_a, serial_bayou_shore_b,
          serial_bayou_crossing, serial_bayou_shore_b
Lair:2:   layout_regular_city, skrybe_swamp_entry_bodies, enter_volcano_1,
          serial_rivers, chequers_serial_rivers_marsh,
          chequers_serial_rivers_large_a, chequers_serial_rivers_micro_b,
          chequers_serial_rivers_small_3, chequers_serial_rivers_small_b,
          chequers_serial_rivers_micro_b, lemuel_fruit_tree
Lair:3:   layout_chaotic_city, dummy_snake_entry,
          gammafunk_ghost_abyssal_escape, infiniplex_staircase_pool,
          grunt_megastairs_1, serial_bayou_shore_b, serial_bayou_shore_b,
          uniq_nergalle, uniq_gastronok, uniq_kirke
Lair:4:   layout_small_grid, nzn_masters_of_martial_movement, grunt_megastairs_2
Lair:5:   due_jungle_book, layout_cave_pods, minmay_slime_entry_pillars
Swamp:1:  nicolae_swamp_tree_isthmus, layout_basic_swamp, serial_swamp_ruin,
          evilmike_swamp_ruin_house_5, hangedman_swamp_ruin_wall,
          nicolae_swamp_trees_clearing, uniq_jorgrun
Swamp:2:  layout_basic_swamp, evilmike_swamp_ruin_house_4
Swamp:3:  layout_falls_marsh, nicolae_swamp_tree_designs,
          hangedman_swamp_blocks, swamp_pool2
Swamp:4:  byrel_swamp_growth_death_and_undeath, layout_basic_swamp, uniq_mara,
          uniq_mlioglotl
Snake:1:  layout_onion, drop_trap, uniq_frances, uniq_aizul
Snake:2:  layout_honeycomb, uniq_vashnia
Snake:3:  layout_onion_interference, gammafunk_ghost_cemetery, uniq_nikola
Snake:4:  grunt_snake_rune_serpentine_throne, layout_cave_town, uniq_saint_roka
Orc:1:    gammafunk_beogh_shrine, layout_caves, basic_altar,
          monkooky_shop_alliterative
Orc:2:    pf_orc_diabolical, layout_caves, serial_shops, bzr_entry_water
Elf:1:    layout_rooms, hangedman_elf_disciples
Vaults:1: minmay_guarded_unrand_secular_launcher, nicolae_vaults_specimen_jars,
          hangedman_vaults_impose, vaults_room_ringed_pool,
          hangedman_vaults_slice, nicolae_vaults_stairing_the_circle,
          nicolae_vaults_little_squares_6, vaults_room_corners,
          nicolae_vaults_wine_cellar, v_pattern_4, hangedman_vaults_maws,
          layout_vaults_omnibox, serial_shops, nicolae_shop_waterfront
Vaults:2: nicolae_vaults_crenellated_ambush, minmay_crypt_entry_vampire_xt,
          nicolae_vaults_network_quincunx
          [nicolae_vaults_network_quincunx_subvault,
          nicolae_vaults_network_quincunx_subvault,
          nicolae_vaults_network_quincunx_subvault,
          nicolae_vaults_network_quincunx_subvault,
          nicolae_vaults_network_quincunx_subvault],
          nicolae_vaults_little_squares_5, dpeg_vaults_monster_row, v_misc_26,
          hangedman_vaults_slice, nicolae_vaults_gold_heap,
          nicolae_vaults_tetromino_Z_2, layout_vaults_chaotic_city, uniq_mennas,
          uniq_margery

Skill      XL: |  1  2  3  4  5  6  7  8  9 10 11 12 13 14 15 16 17 18 19 20 |
---------------+-------------------------------------------------------------+-----
Transmutations | 1 2 |  2.5
Earth Magic    | 4 6 7 8 9 10 12 15 18 | 18.3
Spellcasting   | 3 4 5 6 7 10 12 13 15 | 15.1
Conjurations   | 2 4 6 9 11 13 14 15 17 19 | 19.8
Fire Magic     | 2 6 7 8 10 12 14 | 14.0
Fighting       | 4 9 11 13 15 16 17 18 | 18.5
Air Magic      | 1 |  1.4
Dodging        | |  1.5
Stealth        | |  2.1

Action                     |  1- 3 |  4- 6 |  7- 9 | 10-12 | 13-15 | 16-18 | 19-21 || total
---------------------------+-------+-------+-------+-------+-------+-------+-------++-------
  Melee: Unarmed           |     6 |       |       |       |       |       |       ||     6
         Dagger            |     3 |     7 |    19 |    11 |     1 |       |       ||    41
         Punch             |       |       |     2 |     1 |       |     1 |       ||     4
         Staff             |       |       |       |       |     2 |    17 |     1 ||    20
   Cast: Sandblast         |    39 |    59 |   158 |   105 |    70 |    19 |       ||   450
         Stone Arrow       |       |       |    33 |   151 |   396 |   506 |   102 ||  1188
         Brom's Barrelling |       |       |    13 |    36 |    17 |     7 |       ||    73
         Iskenderun's Myst |       |       |       |    12 |    16 |    22 |       ||    50
         Mephitic Cloud    |       |       |       |     7 |    34 |     5 |     1 ||    47
         Volatile Blastmot |       |       |       |     3 |       |     1 |       ||     4
         Fireball          |       |       |       |     1 |   148 |   215 |    53 ||   417
         Plasma Beam       |       |       |       |       |       |    38 |     7 ||    45
         Lehudib's Crystal |       |       |       |       |       |    65 |    89 ||   154
    Use: Scroll            |       |     8 |    11 |     6 |    10 |     7 |     6 ||    48
         Potion            |       |       |       |     3 |     3 |    10 |     3 ||    19
   Stab: Sleeping          |     2 |     1 |       |       |       |       |       ||     3
 Armour: Robe              |    15 |    17 |   114 |   159 |   215 |   456 |   167 ||  1143
  Dodge: Dodged            |    15 |    18 |    95 |   139 |   141 |   247 |    95 ||   750

Table legend: (Time is in decaauts)
 A = Elapsed time spent in this place.
 B = Non-inter-level travel time spent in this place.
 C = Inter-level travel time spent in this place.
 D = Time resting spent in this place.
 E = Time spent auto-exploring this place.
 F = Levels seen in this place.
 G = Mean time per level.
                   A        B        C        D        E       F      G
               +--------+--------+--------+--------+--------+-----+--------+
         Total |  54847 |  51870 |   2977 |  22301 |  20727 |  38 | 1443.3 |
       Dungeon |  19562 |  18286 |   1276 |   5832 |   9785 |  15 | 1304.1 |
        Temple |      5 |      1 |      4 |      0 |      0 |   1 |    5.0 |
          Lair |  11385 |  10820 |    565 |   4400 |   4679 |   5 | 2277.0 |
         Swamp |   7898 |   7497 |    401 |   4205 |   1858 |   4 | 1974.5 |
     Snake Pit |   9555 |   9111 |    444 |   5065 |   2525 |   4 | 2388.8 |
  Orcish Mines |   2151 |   1930 |    221 |    698 |    730 |   2 | 1075.5 |
   Elven Halls |   1496 |   1447 |     49 |    670 |    551 |   1 | 1496.0 |
        Vaults |   2051 |   2035 |     16 |   1072 |    469 |   2 | 1025.5 |
         Abyss |    309 |    309 |      0 |    178 |      0 |   2 |  154.5 |
        Bazaar |     60 |     60 |      0 |      0 |     42 |   1 |   60.0 |
       Ossuary |    370 |    370 |      0 |    179 |     86 |   1 |  370.0 |
               +--------+--------+--------+--------+--------+-----+--------+

Top non-repeatable levels by time:
 Snake:4: 3573 daAuts
 Snake:3: 3490 daAuts
  Lair:5: 3462 daAuts
 Swamp:4: 3108 daAuts
 Swamp:3: 2429 daAuts
  Lair:3: 2421 daAuts
    D:15: 2227 daAuts
  Lair:1: 2083 daAuts
  Lair:2: 2018 daAuts
   Orc:2: 1887 daAuts
    D:13: 1837 daAuts
     D:9: 1809 daAuts
    D:10: 1739 daAuts
    D:14: 1622 daAuts
    D:12: 1576 daAuts
